AoeStats
← Cactusman

Arabia

503207207Analyzed
2v2 RM · 1mo ago on Aug 30, 2026· 35m 20s· 4 players
Game mode
Random Map
Map size
Medium (4 player)
Population
200
Speed
Normal
Resources
Standard
Victory
Conquest
Starting age
Dark Age
Ending age
Imperial Age
RankedLock teamsTeams togetherTeam positionsShared explorationLock speedFull tech treeHidden civsTurbo modeCheats
Victory
Defeat
🇺🇸 Khitans · United States
1222
+15
🇨🇦 Mongols · Canada
1139
+19
🇺🇸 Japanese · United States
1228
-18
🇨🇴 Sicilians · Colombia
1182
-16
Naattt
5:07 Loom
9:12 Feudal Age
28:44 Castle Age
27:45 Bloodlines
29:11 Wheelbarrow
29:21 Forging
29:17 Scale Barding Armor
29:42 Double-Bit Axe
30:52 Iron Casting
30:40 Husbandry
31:13 Light Cavalry
Cactusman
9:21 Feudal Age
9:10 Loom
10:20 Double-Bit Axe
22:48 Castle Age
21:31 Man-at-Arms
22:57 Forging
22:54 Long Swordsman
23:34 Squires
25:27 Gambesons
25:44 Scale Mail Armor
25:43 Arson
30:28 Chain Mail Armor
30:27 Gold Mining
36:01 Iron Casting
george
4:23 Loom
9:16 Feudal Age
9:19 Man-at-Arms
10:52 Scale Mail Armor
11:52 Loom
20:17 Arson
22:15 Forging
22:34 Double-Bit Axe
23:56 Gold Mining
27:24 Castle Age
26:21 Stone Mining
27:37 Long Swordsman
27:43 Long Swordsman
29:21 Chain Mail Armor
35:08 Fletching
dmuetec36621
6:42 Loom
9:06 Feudal Age
28:21 Castle Age
26:42 Forging
26:43 Double-Bit Axe
27:07 Gold Mining
27:25 Scale Barding Armor
27:57 Horse Collar
29:04 Bloodlines
29:23 Bow Saw
30:41 Wheelbarrow
32:39 Iron Casting
34:56 Chain Barding Armor
Connection lost

Rejoining the realm…

Still unreachable

The connection could not be restored.

Session expired

The server has moved on; the page needs a fresh start.